 Dungeon Crawl Stone Soup version 0.26-a0-1129-gc5df7fbe6a (webtiles) character file.

Game seed: 10302902677216083953

13 uibert the Conjurer (level 2, -5/15 HPs)
             Began as a Deep Elf Conjurer on Dec 19, 2020.
             Slain by a gnoll
             ... wielding a +0 spear
              (10 damage)
             ... on level 1 of the Dungeon.
             The game lasted 00:01:32 (470 turns).

uibert the Conjurer (Deep Elf Conjurer)              Turns: 470, Time: 00:01:34

Health: -5/15      AC:  2    Str:  4    XL:     2   Next: 24%
Magic:  4/8        EV: 13    Int: 22    God:
Gold:   15         SH:  0    Dex: 13    Spells: 6/7 levels left

rFire    . . .     SeeInvis .   c - +0 spear
rCold    . . .     Faith    .   (no shield)
rNeg     . . .     Spirit   .   a - +0 robe
rPois    .         Reflect  .   (no helmet)
rElec    .         Harm     .   (no cloak)
rCorr    .         Rampage  .   (no gloves)
Will     .....                  (no boots)
Stlth    ++........             (no amulet)
HPRegen  0.05/turn              (no ring)
MPRegen  0.11/turn              (no ring)

@: no status effects
A: no striking features
a: no special abilities


You were on level 1 of the Dungeon.
You visited 1 branch of the dungeon, and saw 1 of its levels.

You collected 15 gold pieces.

Inventory:

Hand Weapons
 c - a +0 spear (weapon)
Missiles
 d - 13 stones (quivered)
Armour
 a - a +0 robe (worn)
Scrolls
 b - a scroll of identify {unknown}
 e - 2 scrolls of amnesia {unknown}


   Skills:
 - Level 3.0 Dodging
 - Level 2.4 Stealth
 - Level 3.0 Spellcasting
 * Level 4.8 Conjurations


You had 6 spell levels left.
You knew the following spells:

 Your Spells              Type           Power        Failure   Level
a - Magic Dart            Conj           96%          1%          1

Your spell library contained the following spells:

 Spells                   Type           Power        Failure   Level
 Searing Ray              Conj           48%          2%          2
 Dazzling Flash           Conj/Hex       26%          14%         3
 Fulminant Prism          Conj/Hex       6%           43%         4
 Iskenderun's Mystic Bla  Conj/Tloc      13%          43%         4


Dungeon Overview and Level Annotations

Branches:
Dungeon (1/15)

Altars:


Message History

Aim: a rat (heavily wounded, 0% to evade)
The magic dart hits the rat.
You kill the rat!
Casting: Magic Dart (safe; 1% risk of failure)
Confirm with . or Enter, or press ? or * to list all spells.
Aiming: Magic Dart (safe; 1% risk of failure)
Press: ? - help, Shift-Dir - straight line, f - gnoll
Aim: a gnoll, wielding a +0 spear (0% to evade)
The magic dart hits the gnoll but does no damage.
The gnoll hits you from afar with a +0 spear.
Casting: Magic Dart (safe; 1% risk of failure)
Confirm with . or Enter, or press ? or * to list all spells.
Aiming: Magic Dart (safe; 1% risk of failure)
Press: ? - help, Shift-Dir - straight line, f/p - gnoll
Aim: a gnoll, wielding a +0 spear (0% to evade)
The magic dart hits the gnoll.
The gnoll is moderately wounded.
The gnoll hits you from afar with a +0 spear!
Ouch! That really hurt!
You die...

#.## #....##### #..#
#.....#..# ###.#
#.....#..# ....#
######.......# ###.#
.............# ....
#######$#....#.# ....#
............†...
.......####..g$.....#.
##.#.### ##.#.@#...#
..... .........#.....
.#..######.#..# ###.
#....# ###..# #..#
#?.# #...


You could see a gnoll.

Vanquished Creatures
  A giant cockroach (D:1)
  A hobgoblin (D:1)
  2 jackals (D:1)
  A kobold (D:1)
  2 frilled lizards (D:1)
  7 rats (D:1)
14 creatures vanquished.

Notes
Turn   | Place    | Note
-------+----------+-------------------------------------------
     0 | D:1      | uibert the Deep Elf Conjurer began the quest for the Orb.
     0 | D:1      | Reached XP level 1. HP: 10/10 MP: 6/6
   337 | D:1      | Reached XP level 2. HP: 15/15 MP: 6/8
   470 | D:1      | Slain by a gnoll

Illustrated notes

Levels and vault maps discovered:
D:1:      roderic_dead_forest, layout_basic

Skill      XL: |  1 |
---------------+----+-----
Dodging        | 3 |  3.0
Stealth        | |  2.4
Spellcasting   | |  3.0
Conjurations   | |  4.8

Action                   || total
-------------------------++-------
Melee: Unarmed           ||     7
       Spear             ||     5
Throw: Stone             ||     6
 Cast: Magic Dart        ||    23
 Stab: Sleeping          ||     1
Armor: Robe              ||     4
Dodge: Dodged            ||     4

Table legend: (Time is in decaauts)
 A = Elapsed time spent in this place.
 B = Non-inter-level travel time spent in this place.
 C = Inter-level travel time spent in this place.
 D = Time resting spent in this place.
 E = Time spent auto-exploring this place.
 F = Levels seen in this place.
 G = Mean time per level.
                   A        B        C        D        E       F      G
               +--------+--------+--------+--------+--------+-----+--------+
         Total |    470 |    466 |      4 |      0 |    370 |   1 |  470.0 |
       Dungeon |    470 |    466 |      4 |      0 |    370 |   1 |  470.0 |
               +--------+--------+--------+--------+--------+-----+--------+

Top non-repeatable levels by time:
     D:1: 470 daAuts
